 Dungeon Crawl Stone Soup version 0.22-a0-609-gfedc9ff (webtiles) character file.

262 sking99 the Ruffian (level 5, -6/45 HPs)
             Began as a Draconian Transmuter on July 10, 2018.
             Mangled by an ogre
             ... wielding a +0 giant club
              (25 damage)
             ... on level 4 of the Dungeon.
             The game lasted 00:09:28 (4248 turns).

sking99 the Ruffian (Draconian Transmuter)          Turns: 4248, Time: 00:09:29

Health: -6/45      AC:  5    Str: 13    XL:     5   Next: 97%
Magic:  3/8        EV: 13    Int: 13    God:
Gold:   257        SH:  0    Dex: 12    Spells: 5/8 levels left

rFire    . . .     SeeInvis .     - Unarmed
rCold    . . .     Gourm    .   (no shield)
rNeg     . . .     Faith    .   (armour unavailable)
rPois    .         Spirit   .   (helmet restricted)
rElec    .         Reflect  .   (no cloak)
rCorr    .         Harm     .   (no gloves)
MR       .....                  (no boots)
Stlth    +.........             (no amulet)
HPRegen  0.15/turn              (no ring)
MPRegen  0.11/turn              (no ring)

@: very slightly contaminated
A: unfitting armour, cold-blooded, AC +5
a: no special abilities


You were on level 4 of the Dungeon.
You were hungry.

You visited 1 branch of the dungeon, and saw 4 of its levels.

You collected 257 gold pieces.

Inventory:

Missiles
 a - 56 arrows
Scrolls
 b - a scroll of immolation {unknown}
 e - a scroll of enchant weapon {unknown}
 g - a scroll of magic mapping {unknown}
 h - 4 scrolls of fear {unknown}
 i - a scroll of identify {unknown}
 j - a scroll of random uselessness {unknown}
 k - a scroll of blinking {unknown}
 l - a scroll of fog {unknown}
 n - a scroll of remove curse {unknown}
 p - 2 scrolls of teleportation {unknown}
Potions
 d - a potion of might {unknown}
 f - a potion of brilliance {unknown}
 m - a potion of invisibility {unknown}
 o - 2 potions of curing {unknown}
 q - 2 potions of cancellation {unknown}
 r - 2 potions of mutation {unknown}
 s - a potion of heal wounds {unknown}
Comestibles
 c - 7 rations


   Skills:
 + Level 3.0 Fighting
 + Level 3.0 Dodging
 * Level 4.8 Unarmed Combat
 - Level 2.0 Spellcasting
 + Level 3.2 Transmutations


You had 5 spell levels left.
You knew the following spells:

 Your Spells              Type           Power        Failure   Level  Hunger
a - Beastly Appendage     Tmut           #.....       7%          1    ##.....
b - Sticks to Snakes      Tmut           #.......     11%         2    ###....

Your spell library contained the following spells:

 Spells                   Type           Power        Failure   Level  Hunger
 Spider Form              Tmut/Pois      #.........   36%         3    ####...
 Blade Hands              Tmut           #.........   88%         5    ######.
 Ice Form                 Ice/Tmut       #.......     78%         4    #####..


Dungeon Overview and Level Annotations

Branches:
Dungeon (4/15)
 Temple: D:4-7

Altars:
Fedhas
Gozag
Kikubaaqudgha
Qazlal
Uskayaw
Wu Jian
Xom
The Shining One


Innate Abilities, Weirdness & Mutations

Your plain brown scales are hard. (AC +5)
You cannot fit into any form of body armour.
You are cold-blooded and may be slowed by cold attacks.


Message History

You create a snake!
You now have 56 arrows.
You are feeling hungry.
The ogre hits you with a giant club!!
Your adder barely misses the ogre.
Your adder bites the ogre.
The ogre closely misses your adder.
Your adder bites the ogre.
The ogre misses your adder.
Your adder bites the ogre.
The ogre is poisoned.
Your adder poisons the ogre!
Your adder bites the ogre.
The ogre looks even sicker.
Your adder poisons the ogre!
The ogre misses your adder.
Your adder bites the ogre.
Your adder bites the ogre.
The ogre hits your adder with a giant club!
Your adder dies!
The ogre shouts!
You hit the ogre but do no damage.
The ogre is almost dead.
The ogre hits you with a giant club!!
Ouch! That really hurt!
You die...

### ###### #
#.####....## ###
##.........## ##..
###........####..#
#.........##...##
#............###
##.......###.##
#.......## #..#
#@O....## ##S##
#....### #..###
#...## ##....#
##### #......
##...... #.......
.## #....... ..#
#......# #.#
#......#


You could see an ogre.

Vanquished Creatures
  2 worker ants (D:4)
  Robin (D:3)
  A gnoll (D:1)
  3 adders
  An ooze (D:1)
  A dart slug (D:1)
  2 leopard geckos
  4 orcs (D:4)
  3 ball pythons
  4 giant cockroaches
  13 goblins
  10 hobgoblins
  2 quokkas
  4 bats
  7 frilled lizards
  11 kobolds
  3 rats (D:1)
72 creatures vanquished.

Vanquished Creatures (collateral kills)
  An ogre (D:4)
  A worker ant (D:4)
  Natasha (D:4)
3 creatures vanquished.

Grand Total: 75 creatures vanquished

Notes
Turn   | Place    | Note
-------+----------+-------------------------------------------
     0 | D:1      | sking99 the Draconian Transmuter began the quest for the Orb.
     0 | D:1      | Reached XP level 1. HP: 16/16 MP: 3/3
   222 | D:1      | Reached XP level 2. HP: 23/23 MP: 5/5
   663 | D:1      | Reached XP level 3. HP: 12/29 MP: 6/6
  1441 | D:2      | Found a hide-covered altar of Uskayaw.
  1660 | D:2      | Found a blossoming altar of Fedhas.
  1816 | D:2      | Learned a level 2 spell: Sticks to Snakes
  1897 | D:2      | Reached XP level 4. HP: 32/36 MP: 7/7
  2191 | D:2      | Found a glowing golden altar of the Shining One.
  2195 | D:2      | Found an opulent altar of Gozag.
  2206 | D:2      | Found an ancient bone altar of Kikubaaqudgha.
  2584 | D:3      | Found a stormy altar of Qazlal.
  2614 | D:3      | Reached skill level 4 in Unarmed Combat
  2721 | D:3      | Noticed Robin
  2968 | D:3      | Found a shimmering altar of Xom.
  2970 | D:3      | Found a shimmering altar of Xom.
  2970 | D:3      | Found a glowing golden altar of the Shining One.
  2972 | D:3      | Found an ornate altar of the Wu Jian Council.
  2972 | D:3      | Found an ornate altar of the Wu Jian Council.
  2972 | D:3      | Found an opulent altar of Gozag.
  3191 | D:3      | Killed Robin
  3611 | D:4      | Noticed Natasha
  3668 | D:4      | Reached XP level 5. HP: 38/42 MP: 5/8
  3677 | D:4      | Killed Natasha
  3925 | D:4      | Noticed an ogre
  3935 | D:4      | Killed an ogre
  4200 | D:4      | Noticed an ogre
  4248 | D:4      | Mangled by an ogre

Vault maps used:
D:1:      evilmike_arrival_crescent
D:2:      nicolae_overflow_crystal_walls, minmay_overflow_temple_star_quad,
          st_stairs_13, lemuel_statue_altar
D:3:      doesnt_xom_only_xom, nicolae_qazlal_general_emergency, first_ration,
          uniq_robin
D:4:      minmay_temple_entry_purple_smoke, uniq_natasha, uniq_duvessa

Skill      XL: |  1  2  3  4  5 |
---------------+----------------+-----
Dodging        | 2 3 |  3.0
Fighting       | 2 3 |  3.0
Unarmed Combat | 4 |  4.8
Transmutations | 3 |  3.2
Spellcasting   | |  2.0

Action                   |  1- 3 |  4- 6 || total
-------------------------+-------+-------++-------
Melee: Unarmed           |   119 |   120 ||   239
       Tailslap          |    10 |    11 ||    21
       Kick              |     1 |     2 ||     3
       Punch             |       |     3 ||     3
       Headbutt          |       |     1 ||     1
 Cast: Beastly Appendage |     3 |     3 ||     6
       Sticks to Snakes  |       |     9 ||     9
 Stab: Sleeping          |     1 |       ||     1
       Distracted        |       |     1 ||     1
  Eat: Chunk             |     3 |     8 ||    11
Armor: Skin              |    26 |    25 ||    51
Dodge: Dodged            |    70 |    54 ||   124

Table legend:
 A = Spawn XP
 B = Non-spawn XP
 C = Spawn XP percentage of total XP
 D = Spawn monster count
 E = Non-spawn monster count
 F = Spawn count percentage of total count
 G = Total turns spent on level
                    A         B        C        D         E        F      G
               +---------+---------+-------+---------+---------+-------+---------
         Total |       0 |     375 |   0.0 |       0 |      75 |   0.0 |  4248
               +---------+---------+-------+---------+---------+-------+---------
           D:1 |       0 |      60 |   0.0 |       0 |      24 |   0.0 |  1363
           D:2 |       0 |      61 |   0.0 |       0 |      24 |   0.0 |  1321
           D:3 |       0 |      57 |   0.0 |       0 |      17 |   0.0 |   961
           D:4 |       0 |     197 |   0.0 |       0 |      10 |   0.0 |   603
               +---------+---------+-------+---------+---------+-------+---------
